 Dungeon Crawl Stone Soup version 0.21.1-1-g345015fe64 (webtiles) character file.

63 Gargoyl the Skirmisher (level 3, 0/33 HPs)
             Began as a Centaur Abyssal Knight on May 2, 2018.
             Was a Follower of Lugonu.
             Succumbed to an adder's poison
             ... on level 2 of the Dungeon.
             The game lasted 00:02:30 (1370 turns).

Gargoyl the Skirmisher (Centaur Abyssal Knight)     Turns: 1370, Time: 00:02:30

Health: 0/33       AC: 10    Str: 14    XL:     3   Next: 89%
Magic:  4/4        EV:  7    Int: 11    God:    Lugonu [*.....]
Gold:   121        SH:  0    Dex: 14    Spells: 2/2 levels left

rFire    + . .     SeeInvis .   a - +1 hand axe
rCold    . . .     Gourm    .   (no shield)
rNeg     . . .     Faith    .   e - +2 plate armour {rF+}
rPois    .         Spirit   .   (no helmet)
rElec    .         Reflect  .   (no cloak)
rCorr    .         Harm     .   (no gloves)
MR       .....                  (no barding)
Stlth    ..........             (no amulet)
HPRegen  0.11/turn              (no ring)
MPRegen  0.09/turn              (no ring)

@: agile, lethally poisoned (0 -> -4), very quick
A: large, hooves 3, deformed body, speed 2, tough skin 3
a: Depart the Abyss, Renounce Religion


You were on level 2 of the Dungeon.
You worshipped Lugonu.
Lugonu was aware of your devotion.
You were not hungry.

You visited 1 branch of the dungeon, and saw 2 of its levels.
You visited the Abyss 1 time.

You collected 121 gold pieces.

Inventory:

Hand Weapons
 a - a +1 hand axe (weapon)
Armour
 e - a +2 plate armour of fire resistance (worn)
Scrolls
 b - a scroll of remove curse
 d - 3 scrolls of identify
 g - a scroll of amnesia
Potions
 f - a potion of agility
Comestibles
 c - 6 rations


   Skills:
 + Level 3.8 Fighting
 + Level 2.3 Axes
 * Level 1.9 Armour
 + Level 0.7 Dodging
 * Level 2.4 Invocations


You had 2 spell levels left.
You didn't know any spells.

Dungeon Overview and Level Annotations

Branches:
Dungeon (2/15)

Altars:
Sif Muna


Innate Abilities, Weirdness & Mutations

You have hooves in place of feet.
Armour fits poorly on your strangely shaped body.
You cover ground very quickly.
You have extremely tough skin. (AC +3)


Message History

Your plate armour prevents you from hitting the adder.
Your kick misses the adder.
The adder is heavily wounded.
You feel sick. The adder bites you.
* * * LOW HITPOINT WARNING * * *
The adder bites you but does no damage.
You miss the adder.
The adder is heavily wounded.
You feel sick. The adder bites you but does no damage.
You feel agile all of a sudden. The adder completely misses you.
The adder bites you.
* * * LOW HITPOINT WARNING * * *
You hit the adder. Your kick misses the adder.
The adder is almost dead.
The adder bites you.
* * * LOW HITPOINT WARNING * * *
Your plate armour prevents you from hitting the adder.
Your kick misses the adder.
The adder is almost dead.
You die...

. ###. ...###
#..#.#### #.##
#....... ...# .....
#..# #S.## #..# #.@.#
#..# ##.)# #..## #).#
#..#. #..# #..#. #..#
##...
#..############...
#................#
......#############..#
.#.#### #..#


You could see an adder.

Vanquished Creatures
  An adder (D:2)
  5 dart slugs
  2 leopard geckos (D:1)
  A ball python (D:2)
  5 bats (D:1)
  7 goblins (D:1)
  4 jackals (D:1)
  7 kobolds
  3 frilled lizards (D:1)
  3 rats
38 creatures vanquished.

Notes
Turn   | Place    | Note
-------+----------+-------------------------------------------
     0 | Abyss:1  | Gargoyl the Centaur Abyssal Knight began the quest for the Orb.
     0 | Abyss:1  | Reached XP level 1. HP: 19/19 MP: 2/2
    20 | Abyss:2  | Noticed a tentacled monstrosity
    73 | Abyss:2  | Noticed a hellwing
    75 | Abyss:2  | Noticed a smoke demon
    75 | D:1      | Escaped the Abyss
   325 | D:1      | Reached XP level 2. HP: 22/26 MP: 3/3
   331 | D:1      | Reached * piety under Lugonu
   668 | D:1      | Reached XP level 3. HP: 33/33 MP: 4/4
  1210 | D:2      | Found a deep blue altar of Sif Muna.
  1369 | D:2      | HP: 1/33 [adder (2)]
  1370 | D:2      | Succumbed to an adder's poison

Skill      XL: |  1  2 |
---------------+-------+-----
Axes           | 2 |  2.3
Fighting       | |  3.8
Armour         | |  1.9
Dodging        | |  0.7
Invocations    | |  2.4

Action                   || total
-------------------------++-------
Melee: Hand axe          ||   114
       Kick              ||    14
Invok: Depart the Abyss  ||     1
  Use: Scroll            ||     4
       Potion            ||     2
  Eat: Chunk             ||     1
Armor: Ring mail         ||    22
       Plate armour      ||   108
Dodge: Dodged            ||    34
